 Dungeon Crawl Stone Soup version 0.20.0-15-g7f486f2 (webtiles) character file.

140 greprep the Covered (level 5, -7/47 HPs)
             Began as a Minotaur Fighter on June 12, 2017.
             Hit by a silver tomahawk thrown by an orc warrior (12 damage)
             ... on level 3 of the Dungeon.
             The game lasted 00:02:47 (1733 turns).

greprep the Covered (Minotaur Fighter)              Turns: 1733, Time: 00:02:48

Health: -7/47      AC:  7    Str: 21    XL:     5   Next: 2%
Magic:  4/4        EV:  7    Int:  5    God:
Gold:   128        SH:  9    Dex: 10    Spells: 4/4 levels left

rFire    . . .     SeeInvis .   a - +0 flail
rCold    . . .     Gourm    .   c - +0 shield
rNeg     . . .     Faith    .   b - +0 scale mail
rPois    .         Spirit   .   (helmet restricted)
rElec    .         Reflect  .   (no cloak)
rCorr    .         Harm     .   (no gloves)
MR       .....                  (no boots)
Stlth    ..........             (no amulet)
Regen    0.2/turn               (no ring)
MPRegen  0.1/turn               (no ring)

@: no status effects
A: retaliatory headbutt, horns 2
a: no special abilities


You were on level 3 of the Dungeon.
You were hungry.

You visited 1 branch of the dungeon, and saw 3 of its levels.

You collected 128 gold pieces.

Inventory:

Hand Weapons
 a - a +0 flail (weapon)
Armour
 b - a +0 scale mail (worn)
 c - a +0 shield (worn)
Scrolls
 e - a scroll of immolation {unknown}
 g - a scroll of fear {unknown}
 k - a scroll of random uselessness {unknown}
 m - 2 scrolls of remove curse {unknown}
 n - a scroll of identify {unknown}
 o - a scroll of fog {unknown}
Potions
 d - a potion of might
 i - 2 potions of degeneration {unknown}
 l - a potion of ambrosia {unknown}
Comestibles
 f - 3 bread rations
 h - a royal jelly
 j - 5 fruits


   Skills:
 + Level 4.4 Fighting
 + Level 3.8 Maces & Flails
 + Level 4.7 Armour
 + Level 4.7 Shields


You had 4 spell levels left.
You didn't know any spells.

Dungeon Overview and Level Annotations

Branches:
Dungeon (3/15)

Altars:
Cheibriados


Innate Abilities, Weirdness & Mutations

You reflexively headbutt those who attack you in melee.
You have a pair of horns on your head.


Message History

You hit the orc warrior but do no damage.
Your headbutt misses the orc warrior.
The orc warrior is lightly wounded.
The orc warrior hits you with a scimitar.
You hit the orc warrior.
The orc warrior is moderately wounded.
You block the orc warrior's attack.
You hit the orc warrior but do no damage.
The orc warrior is moderately wounded.
The orc warrior hits you but does no damage.
Your shield and scale mail prevent you from hitting the orc warrior.
You headbutt the orc warrior, but do no damage.
The orc warrior is moderately wounded.
The orc warrior hits you with a scimitar!!
* * * LOW HITPOINT WARNING * * *
You are too injured to fight recklessly!
You are too injured to fight recklessly!
The orc warrior throws a silver tomahawk.
The silver tomahawk hits you!
You die...

..............####
.# #..###........#
...#. #..........#
.....#.#........#
####..#.#........#
.................#
#########?##.##.####
#.....)((....# .#
#.....@#####....#
#......# #.##<#
#...o..# #.#
#......# #.#
#......# .# ######>.
####


You could see an orc warrior.

Vanquished Creatures
  An orc priest (D:3)
  An orc wizard (D:2)
  3 adders (D:2)
  3 dart slugs (D:1)
  A leopard gecko (D:1)
  2 orcs (D:3)
  4 giant cockroaches
  7 goblins
  2 hobgoblins
  4 jackals (D:2)
  5 kobolds
  A ball python (D:1)
  5 bats
  5 frilled lizards
  4 rats
48 creatures vanquished.

Notes
Turn   | Place    | Note
-------+----------+-------------------------------------------
     0 | D:1      | greprep the Minotaur Fighter began the quest for the Orb.
     0 | D:1      | Reached XP level 1. HP: 19/19 MP: 0/0
   191 | D:1      | Reached XP level 2. HP: 27/27 MP: 1/1
   568 | D:1      | Reached XP level 3. HP: 32/33 MP: 2/2
   864 | D:2      | Found a snail-covered altar of Cheibriados.
  1424 | D:2      | Reached XP level 4. HP: 39/40 MP: 3/3
  1546 | D:3      | Reached XP level 5. HP: 27/47 MP: 4/4
  1722 | D:3      | Noticed an orc warrior
  1733 | D:3      | Hit by a silver tomahawk thrown by an orc warrior

Skill      XL: |  1  2  3 |
---------------+----------+-----
Armour         | 4 |  4.7
Shields        | 4 |  4.7
Maces & Flails | 3 |  3.8
Fighting       | 4 |  4.4

Action                   |  1- 3 |  4- 6 || total
-------------------------+-------+-------++-------
Melee: Flail             |    89 |    31 ||   120
       Headbutt          |    10 |     2 ||    12
  Eat: Chunk             |     2 |       ||     2
Armor: Scale mail        |    47 |    18 ||    65
Dodge: Dodged            |    34 |    14 ||    48
Block: Shield            |    45 |    17 ||    62
